 Dungeon Crawl Stone Soup version 0.23-a0-619-g281719c6f9 (webtiles) character file.

3190 Morenatsu the Destroyer (level 9, -2/62 HPs)
             Began as a Black Draconian Wizard on Dec 23, 2018.
             Was a Follower of Vehumet.
             Slain by a killer bee (7 damage)
             ... on level 7 of the Dungeon.
             The game lasted 00:36:47 (13147 turns).

Morenatsu the Destroyer (Black Draconian Wizard)   Turns: 13147, Time: 00:36:48

Health: -2/62      AC:  7    Str: 11    XL:     9   Next: 64%
Magic:  0/18       EV: 12    Int: 21    God:    Vehumet [*.....]
Gold:   394        SH:  0    Dex:  9    Spells: 11/20 levels left

rFire    . . .     SeeInvis .   h - +7 whip "Riaqewus" {flame, rN+}
rCold    . . .     Gourm    .   (no shield)
rNeg     + . .     Faith    .   (armour unavailable)
rPois    .         Spirit   .   a - +0 hat
rElec    +         Reflect  .   (no cloak)
rCorr    .         Harm     .   (no gloves)
MR       .....                  (no boots)
Stlth    ++........             (no amulet)
HPRegen  0.20/turn              (no ring)
MPRegen  0.16/turn              (no ring)

@: no status effects
A: breathe lightning, unfitting armour, electricity resistance, cold-blooded, AC
+7
a: Breathe Lightning, Renounce Religion


You were on level 7 of the Dungeon.
You worshipped Vehumet.
Vehumet was aware of your devotion.
You were not hungry.

You visited 2 branches of the dungeon, and saw 8 of its levels.

You collected 394 gold pieces.

Inventory:

Hand Weapons
 h - the +7 whip "Riaqewus" (weapon) {flame, rN+}
   (You took it off an orc on level 4 of the Dungeon)

   It has been specially enchanted to burn those struck by it, causing extra
   injury to most foes and up to half again as much damage against particularly
   susceptible opponents.
   It protects you from negative energy.
Armour
 a - a +0 hat (worn)
Wands
 d - a wand of random effects (18)
 f - a wand of digging (5)
 j - a wand of disintegration (13)
Scrolls
 g - 2 scrolls of teleportation
 i - 4 scrolls of remove curse
 k - 2 scrolls of blinking
 l - a scroll of fear
Potions
 e - a potion of resistance
 n - a potion of mutation {unknown}
 o - a potion of heal wounds
 p - 3 potions of haste
Comestibles
 c - 11 rations


   Skills:
 - Level 3.1 Maces & Flails
 - Level 1.7 Dodging
 - Level 1.7 Stealth
 - Level 6.1 Spellcasting
 - Level 10.8 Conjurations
   Level 1.0 Summonings
 - Level 1.0 Translocations
 + Level 5.3 Air Magic


You had 11 spell levels left.
You knew the following spells:

 Your Spells              Type           Power        Failure   Level  Hunger
a - Magic Dart            Conj           ####         1%          1    None
b - Mephitic Cloud        Conj/Pois/Air  ####....     3%          3    ##.....
c - Blink                 Tloc           N/A          10%         2    None
d - Conjure Flame         Conj/Fire      ####....     3%          3    ##.....

Your spell library contained the following spells:

 Spells                   Type           Power        Failure   Level  Hunger
 Sandblast                Erth           #.....       10%         1    None
 Call Imp                 Summ           ##......     10%         2    None
 Slow                     Hex            #.......     14%         2    None


Dungeon Overview and Level Annotations

Branches:
Dungeon (7/15)             Temple (1/1) D:5

Altars:
Ashenzari
Cheibriados
Dithmenos
Elyvilon
Fedhas
Gozag
Hepliaklqana
Kikubaaqudgha
Makhleb
Nemelex Xobeh
Okawaru
Qazlal
Ru
Sif Muna
Trog
Uskayaw
Vehumet
Wu Jian
Xom
Yredelemnul
Zin
The Shining One

Shops:
D:5 (

Annotations:
D:7 3 runed doors, levstk's ghost, novice MfSk


Innate Abilities, Weirdness & Mutations

You can breathe wild blasts of lightning.
Your glossy black scales are hard. (AC +7)
You cannot fit into any form of body armour.
You are resistant to electric shocks. (rElec)
You are cold-blooded and may be slowed by cold attacks.


Message History

The magic dart hits the killer bee.
The killer bee is lightly wounded.
The killer bee barely misses you. The killer bee misses you.
Casting: Magic Dart (safe; 1% risk of failure)
Confirm with . or Enter, or press ? or * to list all spells.
Aiming: Magic Dart (safe; 1% risk of failure)
Press: ? - help, Shift-Dir - straight line, f/p - killer bee
Aim: a killer bee (lightly wounded)
The magic dart hits the killer bee.
The killer bee is heavily wounded.
The killer bee stings you.
* * * LOW HITPOINT WARNING * * *
The killer bee stings you!
* * * LOW HITPOINT WARNING * * *
Okay, then.
Casting: Magic Dart (safe; 1% risk of failure)
Confirm with . or Enter, or press ? or * to list all spells.
You blink.
The killer bee stings you!
You die...

#.........##. #...# #.#
#...#.##.#..#..###...####.##
#....#.#..##. )...........#
#...###...##. ##...####..#
#..## #..... ##.).####..##
#.## #.##. ##.###(......##
#. # .##. #.## ##.##.....
#...##.###.# #.##...##
.......@yy.## ##....#.#
#.#.##.####.###..####.# #.
#.§y.#.# .# .. #.####y# .#
.#. #.# #y# #.#. #.# #y# #
.. ... y. .! ... .. #### ##


You could see 2 killer bees.

Vanquished Creatures
  Pikel (D:4)
  Eustachio (D:4)
  Menkaure (D:4)
  Edmund (D:4)
  An orc warrior (D:6)
  A sky beast (D:5)
  A slave (D:3)
  A phantom (D:5)
  3 ogres
  2 centaurs
  Blork the orc (D:4)
  A bullfrog (D:7)
  A gnoll sergeant (D:4)
  3 scorpions
  4 killer bees (D:7)
  5 wights (D:6)
  3 howler monkeys
  A centaur zombie (D:6)
  A bullfrog zombie (D:7)
  4 hounds
  2 orc priests
  A bullfrog skeleton (D:5)
  A centaur skeleton (D:7)
  4 orc wizards
  An iguana (D:6)
  4 worker ants
  Robin (D:4)
  7 gnolls
  14 adders
  2 shadow imps (D:5)
  2 oozes
  2 worms
  2 dart slugs
  7 leopard geckos
  27 orcs
  A ball python (D:2)
  7 bats
  5 giant cockroaches
  15 goblins
  12 hobgoblins
  10 jackals
  5 quokkas
  6 frilled lizards
  10 kobolds
  A leopard gecko zombie (D:5)
  8 rats
194 creatures vanquished.

Vanquished Creatures (others)
  An orc (D:4)
1 creature vanquished.

Grand Total: 195 creatures vanquished

Notes
Turn   | Place    | Note
-------+----------+-------------------------------------------
     0 | D:1      | Morenatsu the Draconian Wizard began the quest for the Orb.
     0 | D:1      | Reached XP level 1. HP: 14/14 MP: 4/4
   381 | D:1      | Reached XP level 2. HP: 17/20 MP: 2/6
  1025 | D:1      | Reached XP level 3. HP: 15/26 MP: 2/8
  2139 | D:2      | Found a burning altar of Makhleb.
  2154 | D:2      | Reached XP level 4. HP: 26/33 MP: 5/10
  2517 | D:2      | Reached skill level 5 in Spellcasting
  2660 | D:2      | Found a glowing silver altar of Zin.
  3030 | D:2      | Found a shimmering altar of Xom.
  3034 | D:2      | Reached XP level 5. HP: 35/38 MP: 7/12
  3036 | D:2      | Found a shimmering altar of Xom.
  3290 | D:3      | Noticed an ogre
  3349 | D:3      | Killed an ogre
  3676 | D:3      | Learned a level 3 spell: Mephitic Cloud
  4479 | D:3      | Reached XP level 6. HP: 45/45 MP: 9/15
  4939 | D:4      | Noticed a slave
  4939 | D:4      | Noticed a slave
  4945 | D:3      | Learned a level 2 spell: Blink
  4949 | D:3      | Learned a level 3 spell: Conjure Flame
  5029 | D:4      | Found an iron altar of Okawaru.
  5033 | D:4      | Reached skill level 2 in Conjurations
  5179 | D:4      | Noticed Edmund
  5493 | D:4      | Reached skill level 3 in Conjurations
  5507 | D:4      | Noticed Robin
  5514 | D:4      | Killed Robin
  5646 | D:4      | Found a sparkling altar of Nemelex Xobeh.
  6047 | D:4      | Noticed a slave
  6095 | D:3      | Killed a slave
  6274 | D:4      | Noticed Menkaure
  6281 | D:4      | HP: 1/45 [Menkaure (17)]
  6283 | D:4      | Killed Menkaure
  6283 | D:4      | Reached skill level 4 in Conjurations
  6283 | D:4      | Your scales start taking on a glossy black colour.
  6283 | D:4      | Reached XP level 7. HP: 1/50 MP: 7/16
  6283 | D:4      | Gained mutation: You are resistant to electric shocks.
                  | (rElec) [Black Draconian growth]
  6721 | D:4      | Reached skill level 5 in Conjurations
  6902 | D:4      | Found a shattered altar of Ashenzari.
  7142 | D:4      | Killed Edmund
  7142 | D:4      | Reached skill level 6 in Conjurations
  7361 | D:4      | Noticed Blork the orc
  7374 | D:4      | Killed Blork the orc
  7522 | D:4      | Noticed Eustachio
  7533 | D:4      | Killed Eustachio
  7533 | D:4      | Reached skill level 7 in Conjurations
  7533 | D:4      | Reached XP level 8. HP: 30/57 MP: 7/17
  7534 | D:4      | Noticed Pikel
  7888 | D:4      | Killed Pikel
  7888 | D:4      | Reached skill level 8 in Conjurations
  8492 | D:5      | Entered Level 5 of the Dungeon
  8551 | D:5      | Identified the +7 whip "Riaqewus" {flame, rN+}
  8559 | D:4      | Reached skill level 9 in Conjurations
  8636 | D:4      | HP: 2/57 [gnoll sergeant/+0 trident (6)]
  9771 | D:5      | Found Akiwywk's Antique Weapon Boutique.
  9812 | D:5      | Found a staircase to the Ecumenical Temple.
  9823 | Temple   | Entered the Ecumenical Temple
 10007 | Temple   | Became a worshipper of Vehumet
 10546 | D:5      | Reached skill level 10 in Conjurations
 10665 | D:5      | Reached XP level 9. HP: 58/62 MP: 1/18
 10808 | D:5      | Found a sparkling altar of Nemelex Xobeh.
 11309 | D:6      | Found a shadowy altar of Dithmenos.
 11320 | D:6      | Reached * piety under Vehumet
 11320 | D:6      | Offered knowledge of Sandblast by Vehumet.
 11648 | D:6      | Reached skill level 1 in Maces & Flails
 12118 | D:6      | Reached skill level 1 in Air Magic
 12297 | D:6      | Found an iron altar of Okawaru.
 12670 | D:6      | Found an ornate altar of the Wu Jian Council.
 12671 | D:6      | Found a snail-covered altar of Cheibriados.
 12932 | D:7      | Found a runed gate.
 12932 | D:7      | Found a runed gate.
 12932 | D:7      | Found a runed gate.
 12932 | D:7      | Noticed levstk's ghost (novice MfSk)
 13135 | D:7      | Reached skill level 5 in Air Magic
 13147 | D:7      | Slain by a killer bee

Vault maps used:
D:1:      dpeg_arrival_chambers_temple_mockup, chequers_serial_rivers_micro_e,
          minmay_stone_trees_medium
D:2:      minmay_evil_eye, xom_redecorated, zin_statuary, bloody_makhleb
D:3:      minmay_diced_spiral
D:4:      lemuel_coloured_pillars_altar, okawaru_metal_pillars_1_2,
          first_ration, nemelex_lonely_heart_becter, uniq_robin, uniq_edmund,
          uniq_menkaure, uniq_eustachio, uniq_pikel, uniq_blork_the_orc
D:5:      minmay_chambers_of_threes, minmay_temple_entry_mist, serial_shops,
          shop, nemelex_diamond_rough_becter
D:6:      gammafunk_temple_overflow_pools, nicolae_dithmenos_shadow_blocks,
          lemuel_statue_altar
D:7:      gammafunk_ghost_split
Temple:   bh_familiar_temple

Skill      XL: |  1  2  3  4  5  6  7  8  9 |
---------------+----------------------------+-----
Spellcasting   | 4 5 6 |  6.1
Conjurations   | 4 7 10 | 10.8
Maces & Flails | 3 |  3.1
Air Magic      | 5 |  5.3
Dodging        | |  1.7
Stealth        | |  1.7
Summonings     | |  1.0
Translocations | |  1.0

Action                   |  1- 3 |  4- 6 |  7- 9 || total
-------------------------+-------+-------+-------++-------
Melee: Unarmed           |    44 |       |       ||    44
       Tailslap          |     3 |     5 |     7 ||    15
       Hand axe          |    38 |    85 |     9 ||   132
       Whip              |       |       |    76 ||    76
 Cast: Magic Dart        |    89 |   217 |   379 ||   685
       Blink             |       |     4 |     9 ||    13
       Mephitic Cloud    |       |     1 |     5 ||     6
       Conjure Flame     |       |     1 |     1 ||     2
 Abil: Breathe Lightning |       |       |    10 ||    10
Evoke: Wand              |       |       |     1 ||     1
  Use: Scroll            |     6 |       |    10 ||    16
       Potion            |       |     1 |     3 ||     4
 Stab: Confused          |       |       |     1 ||     1
  Eat: Chunk             |     3 |    10 |    14 ||    27
       Ration            |       |     1 |     3 ||     4
Armor: Skin              |    54 |    42 |    60 ||   156
Dodge: Dodged            |    99 |   103 |   147 ||   349

Table legend:
 A = Non-vault XP
 B = Vault XP
 C = Vault XP percentage of total XP
 D = Non-vault monster count
 E = Vault monster count
 F = Vault count percentage of total count
                 A         B        C        D         E       F
            +---------+---------+-------+---------+---------+-------
      Total |    2866 |    1692 |  37.1 |     156 |      37 |  19.2
            +---------+---------+-------+---------+---------+-------
        D:1 |      43 |       0 |   0.0 |      24 |       0 |   0.0
        D:2 |     150 |      17 |  10.2 |      29 |       4 |  12.1
        D:3 |     158 |      16 |   9.2 |      15 |       3 |  16.7
        D:4 |     655 |    1254 |  65.7 |      21 |      18 |  46.2
        D:5 |     450 |     405 |  47.4 |      24 |      12 |  33.3
        D:6 |     868 |       0 |   0.0 |      32 |       0 |   0.0
        D:7 |     424 |       0 |   0.0 |       8 |       0 |   0.0
     Temple |     118 |       0 |   0.0 |       3 |       0 |   0.0
            +---------+---------+-------+---------+---------+-------
